 Dungeon Crawl Stone Soup version 0.31-a0-276-ge00219d475 (webtiles) character file.

Game seed: 18194240322674741729

69 AIAndy the Changeling (level 4, 0/19 HPs)
             Began as a Felid Shapeshifter on July 15, 2023.
             Slain by an iguana (9 damage)
             ... on level 3 of the Dungeon.
             The game lasted 00:03:31 (1881 turns).

AIAndy the Changeling (Felid Shapeshifter)          Turns: 1881, Time: 00:03:32

Health: 0/19       AC:  1    Str: 13    XL:     4   Next: 2%
Magic:  5/5        EV: 17    Int:  9    God:
Gold:   124        SH:  0    Dex: 16    Spells: 3/3 levels left
                                        Lives:  0   Deaths: 1

rFire   . .          .
                       - Unarmed
rCold   . . .        (shield unavailable)
rNeg    + . .        (body armour unavailable)
rPois   .            (helmet unavailable)
rElec   .            (cloak unavailable)
rCorr   .            (gloves unavailable)
SInv    +            (boots unavailable)
Will    .....        g - amulet of regeneration
Stlth   +            N - ring of positive energy
HPRegen 1.03/turn    (no ring)
MPRegen 0.09/turn

%: no passive effects
@: beast-form, quick
A: beast (slay +3), very small, claws 1, fangs 3, see invisible, speed 1, shaggy
fur 1, stealthy paws, no weapons or thrown items, no armour, multi-lived
a: Begin Untransformation


You were on level 3 of the Dungeon.
You were a hulking beast.
You visited 1 branch of the dungeon, and saw 3 of its levels.

You collected 124 gold pieces.


Innate Abilities, Weirdness & Mutations

You are a hulking beast.
Your limbs bulge with bestial killing power. (Slay +3)
You have sharp claws.
You have razor-sharp teeth.
You have supernaturally acute eyesight. (SInv)
You cover ground quickly. (Speed+)
You are covered in fur. (AC +1)
Your paws help you pounce on unaware monsters.
You are incapable of wielding weapons or throwing items.
You cannot wear armour.
You gain extra lives every three experience levels.


   Skills:
 - Level 2.0 Fighting
 - Level 2.6 Dodging
 + Level 3.7 Unarmed Combat
 + Level 4.4 Shapeshifting


You had 3 spell levels left.
You didn't know any spells.
Your spell library contained the following spells:

 Spells                   Type           Power      Damage    Failure   Level
 Dazzling Flash           Conj/Hex       0%         N/A       77%         3
 Tukima's Dance           Hex            0%         N/A       77%         3
 Iskenderun's Mystic Bla  Conj/Tloc      0%         2d3       99%         4
 Agony                    Necr           0%         N/A       100%        5
 Silence                  Hex/Air        0%         N/A       100%        5
 Portal Projectile        Hex/Tloc       Unusable   N/A       N/A         3

Inventory:

Jewellery
 g - an amulet of regeneration (around neck)
 N - a ring of positive energy (left paw)
Talismans
 b - a beast talisman
Wands
 j - a wand of polymorph (10)
Scrolls
 c - 2 scrolls of blinking {unknown}
 d - a scroll of immolation {unknown}
 f - a scroll of fog {unknown}
 k - 2 scrolls of identify {unknown}
Potions
 a - a potion of lignification {!q}
 e - a potion of magic {unknown}
 h - a potion of invisibility {unknown}
 i - a potion of cancellation {unknown}
 l - a potion of heal wounds {unknown}
 m - a potion of curing {unknown}

Dungeon Overview and Level Annotations

Branches:
Dungeon (3/15)

Altars:
Sif Muna
Zin

. ......###.# .>. .......
.. .....###..# ...
..........# #..#
.......##.# ....
......###.#######...#
..##..##....<.......# .
#.............##..####.
#.####.......h#)....... .
..
#........lo....#.#######.
..
#####....o............ool
............#...........)oo
..##............####.#####.
#..#.........#...####.#
#..#.##...............#
##.......##.........####
.....##............#


You could see an iguana and 2 orcs.


Message History

You closely miss the orc priest. Your bite misses the orc priest.
The orc priest is severely wounded.
You scratch the orc priest.
The orc priest is severely wounded.
The orc closely misses you. x2
You closely miss the orc priest.
The orc priest is severely wounded.
The iguana closely misses you. The orc hits you with a +0 short sword.
* * * LOW HITPOINT WARNING * * *
The orc priest hits you with a +0 dagger.
* * * LOW HITPOINT WARNING * * *
The orc barely misses you.
You closely miss the orc priest.
The orc priest is severely wounded.
The orc closely misses you. The iguana bites you.
* * * LOW HITPOINT WARNING * * *
The orc misses you.
The orc priest hits you but does no damage.
The orc barely misses you.
You scratch the orc priest.
You kill the orc priest!
The iguana barely misses you. The orc closely misses you.
The orc completely misses you. The orc misses you.
Welcome back to level 4!
Unknown command.
The orc misses you.
You closely miss the iguana. You bite the iguana.
The iguana is heavily wounded.
The iguana bites you!
You die...

Skill      XL: |  1  2  3 |
---------------+----------+-----
Unarmed Combat | 3 |  3.7
Shapeshifting  | 4 |  4.4
Fighting       | |  2.0
Dodging        | |  2.6

Action                     |  1- 3 |  4- 6 || total
---------------------------+-------+-------++-------
  Melee: Unarmed           |    78 |    11 ||    89
         Bite              |     7 |     2 ||     9
 Armour: Skin              |    10 |       ||    10
  Dodge: Dodged            |    53 |     6 ||    59

Levels and vault maps discovered:
D:1:      dpeg_arrival_lava_altar, layout_basic, minmay_tetromino_s2
D:2:      layout_basic, basic_altar, dreamdust_ecumenical_altar_drowned_temple,
          minivault_11
D:3:      layout_rooms, uniq_ijyb, uniq_sigmund, uniq_crazy_yiuf_cottage

Notes
Turn   | Place    | Note
-------+----------+-------------------------------------------
     0 | D:1      | AIAndy the Felid Shapeshifter began the quest for the Orb.
     0 | D:1      | Reached XP level 1. HP: 9/9 MP: 2/2
   113 | D:1      | Reached XP level 2. HP: 13/13 MP: 3/3
   955 | D:1      | Found a shimmering blue altar of Sif Muna.
  1001 | D:2      | Found a glowing silver altar of Zin.
  1357 | D:2      | Reached XP level 3. HP: 15/16 MP: 4/4
  1494 | D:2      | Found a faded altar of an unknown god.
  1724 | D:3      | Reached skill level 3 in Unarmed Combat
  1731 | D:3      | Noticed Ijyb
  1733 | D:3      | Reached skill level 4 in Shapeshifting
  1746 | D:3      | Killed Ijyb
  1747 | D:3      | Reached XP level 4. HP: 19/19 MP: 5/5
  1855 | D:3      | Slain by an orc
  1856 | D:3      | Reached XP level 3. HP: -3/16 MP: 4/4
  1879 | D:3      | Reached XP level 4. HP: 6/19 MP: 5/5
  1881 | D:3      | Slain by an iguana

Vanquished Creatures
  An orc priest (D:3)
  Ijyb (D:3)
  2 adders (D:3)
  A worm (D:2)
  A dart slug (D:2)
  An orc (D:3)
  3 ball pythons
  2 bats (D:1)
  2 endoplasms
  A giant cockroach (D:1)
  6 goblins
  2 hobgoblins
  A quokka (D:1)
  3 frilled lizards (D:1)
  3 kobolds
  6 rats
  A spectral hobgoblin (D:2)
37 creatures vanquished.

Table legend: (Time is in decaauts)
 A = Elapsed time spent in this place.
 B = Non-inter-level travel time spent in this place.
 C = Inter-level travel time spent in this place.
 D = Time resting spent in this place.
 E = Time spent auto-exploring this place.
 F = Levels seen in this place.
 G = Mean time per level.
                   A        B        C        D        E       F      G
               +--------+--------+--------+--------+--------+-----+--------+
         Total |   1550 |   1494 |     56 |     15 |   1208 |   3 |  516.7 |
       Dungeon |   1550 |   1494 |     56 |     15 |   1208 |   3 |  516.7 |
               +--------+--------+--------+--------+--------+-----+--------+

Top non-repeatable levels by time:
     D:1: 822 daAuts
     D:2: 590 daAuts
     D:3: 137 daAuts

Table legend:
 A = Non-vault XP
 B = Vault XP
 C = Vault XP percentage of total XP
 D = Non-vault monster count
 E = Vault monster count
 F = Vault count percentage of total count
                 A         B        C        D         E       F
            +---------+---------+-------+---------+---------+-------
      Total |     127 |      39 |  23.5 |      34 |       3 |   8.1
            +---------+---------+-------+---------+---------+-------
        D:1 |      30 |       2 |   6.2 |      20 |       1 |   4.8
        D:2 |      18 |       1 |   5.3 |       7 |       1 |  12.5
        D:3 |      79 |      36 |  31.3 |       7 |       1 |  12.5
            +---------+---------+-------+---------+---------+-------
